 Dungeon Crawl Stone Soup version 0.29.1-15-g9cfb28693d (webtiles) character file.

Game seed: 2433757082165264591

24 zeram the Trooper (level 3, 0/33 HPs)
             Began as a Hill Orc Fighter on Mar 15, 2023.
             Slain by a kobold
             ... wielding a +0 dagger
              (2 damage)
             ... on level 1 of the Dungeon.
             The game lasted 00:00:33 (274 turns).

zeram the Trooper (Hill Orc Fighter)                 Turns: 274, Time: 00:00:34

Health: 0/33       AC:  6    Str: 20    XL:     3   Next: 2%
Magic:  3/3        EV:  9    Int:  8    God:
Gold:   32         SH:  5    Dex: 10    Spells: 2/2 levels left

rFire   . . .      SeeInvis .   a - +0 war axe
rCold   . . .      Faith    .   c - +1 buckler
rNeg    . . .      Spirit   .   b - +0 scale mail
rPois   .          Reflect  .   (no helmet)
rElec   .          Harm     .   (no cloak)
rCorr   .          Rampage  .   (no gloves)
Will    .....                   (no boots)
Stlth   ..........              (no amulet)
HPRegen 0.11/turn               (no ring)
MPRegen 0.08/turn               (no ring)

@: no status effects
A: no striking features
a: no special abilities


You were on level 1 of the Dungeon.
You visited 1 branch of the dungeon, and saw 1 of its levels.

You collected 32 gold pieces.

Inventory:

Hand Weapons
 a - a +0 war axe (weapon)
Armour
 b - a +0 scale mail (worn)
 c - a +1 buckler (worn)
Jewellery
 e - a +4 ring of evasion
Scrolls
 h - 2 scrolls of enchant armour
Potions
 d - a potion of might
 f - 2 potions of lignification {unknown}
 g - a potion of brilliance {unknown}


   Skills:
 + Level 4.0 Fighting
 + Level 3.4 Axes
 + Level 3.5 Armour
 + Level 3.6 Shields


You had 2 spell levels left.
You didn't know any spells.
Your spell library was empty.

Dungeon Overview and Level Annotations

Branches:
Dungeon (1/15)

Altars:


Message History

Your +0 buckler glows green for a moment.
You feel sick. The jackal barely misses you. The ball python barely misses you.
The ball python constricts you.
The jackal bites you but does no damage.
You escape the ball python's grasp.
The ball python attacks as you move away!
The ball python bites you.
* * * LOW HITPOINT WARNING * * *
You feel sick.
You feel sick.
You see here a ball python corpse.
You feel sick.
The jackal bites you but does no damage.
You completely miss the jackal.
* * * LOW HITPOINT WARNING * * *
You feel sick. The jackal barely misses you. x2
You hit the jackal.
The jackal is heavily wounded.
You feel sick. The jackal closely misses you. x2
You hit the jackal.
You kill the jackal!
You feel sick.
You are no longer poisoned.
The ball python bites you but does no damage.
The ball python completely misses you.
You barely miss the ball python. You block the ball python's attack.
The ball python grabs you. The ball python constricts you.
* * * LOW HITPOINT WARNING * * *
You slash the ball python!
You kill the ball python!
You closely miss the goblin. The goblin hits you but does no damage.
You hit the goblin.
You kill the goblin!
The kobold closely misses you.
You have reached level 3!
Your experience leads to an increase in your attributes!
Increase (S)trength, (I)ntelligence, or (D)exterity?
You feel stronger. x2
You closely miss the kobold. The kobold hits you with a +0 dagger.
You die...

#...#..######...........#####.#
#.####.....######.###..##......
#. #####..### #.#...###.....# #
##...# #...### #....##
###.###... #.... # #...#.# #
#....## ###...#...# #...#..
#####................#
#...K@####............
#...)##### #.###...##. #....#
#.###...##. ...... #..#....##.
..... #...#..##. .....
####..#.#.... ....
.....#...#... ....
#####.....### .#...........


You could see a kobold.

Vanquished Creatures
  A dart slug (D:1)
  2 bats (D:1)
  2 endoplasms (D:1)
  A giant cockroach (D:1)
  3 goblins (D:1)
  A hobgoblin (D:1)
  5 jackals (D:1)
  3 ball pythons (D:1)
18 creatures vanquished.

Notes
Turn   | Place    | Note
-------+----------+-------------------------------------------
     0 | D:1      | zeram the Hill Orc Fighter began the quest for the Orb.
     0 | D:1      | Reached XP level 1. HP: 19/19 MP: 1/1
    38 | D:1      | Reached XP level 2. HP: 19/27 MP: 2/2
    53 | D:1      | Reached skill level 4 in Fighting
   270 | D:1      | HP: 1/27 [constriction (1)]
   274 | D:1      | Reached XP level 3. HP: 2/33 MP: 3/3
   274 | D:1      | Slain by a kobold

Illustrated notes

Levels and vault maps discovered:
D:1:      scummos_arrival_star, layout_rooms

Skill      XL: |  1  2 |
---------------+-------+-----
Fighting       | 4 |  4.0
Axes           | 3 |  3.4
Armour         | |  3.5
Shields        | |  3.6

Action                   || total
-------------------------++-------
Melee: War axe           ||    41
  Use: Scroll            ||     1
Armor: Scale mail        ||    29
Dodge: Dodged            ||    29
Block: Buckler           ||    11
